 Dungeon Crawl Stone Soup version 0.29.0-4-gdea44cf6ec (webtiles) character file.

Game seed: 9793117880060876846

73382 qw the Severer (level 15, -2/145 HPs)
             Began as a Gargoyle Berserker on Sept 4, 2022.
             Was an Elder of Trog.
             Slain by a hog (13 damage)
             ... led by Kirke
             ... on level 14 of the Dungeon.
             The game lasted 00:09:21 (25364 turns).

qw the Severer (Gargoyle Berserker)                Turns: 25364, Time: 00:09:21

Health: -2/145     AC:  0    Str: 27    XL:     15   Next: 43%
Magic:  15/15      EV: 15    Int:  9    God:    Trog [****..]
Gold:   1163       SH:  0    Dex:  9    Spells: 14/14 levels left

rFire   . . .      SeeInvis .   (weapon currently unavailable)
rCold   . . .      Faith    .   (shield currently unavailable)
rNeg    + . .      Spirit   .   (body armour currently unavailable)
rPois   inf        Reflect  .   (helmet currently unavailable)
rElec   .          Harm     .   (cloak currently unavailable)
rCorr   .          Rampage  .   (gloves currently unavailable)
Will    +....      Rnd*Tele +   (boots currently unavailable)
Stlth   ..........              m - amulet of the acrobat
HPRegen 0.34/turn               (ring currently unavailable)
MPRegen 0.14/turn               (ring currently unavailable)

@: berserking (expiring), pig-form, slowed, very quick
A: fast, no casting, sickness immunity, AC +11, small, (big wings), negative
energy resistance 1, (electricity resistance), torment resistance 1,
petrification resistance, mutation resistance 1, teleportitis 1
a: Renounce Religion, Berserk, Trog's Hand, Brothers in Arms


You were on level 14 of the Dungeon.
You worshipped Trog.
Trog was greatly pleased with you.
You were a filthy swine.
You visited 2 branches of the dungeon, and saw 19 of its levels.
You also visited: Sewer.

You collected 1466 gold pieces.
You spent 303 gold pieces at shops.


Innate Abilities, Weirdness & Mutations

You are a filthy swine.
You move quickly.
Your equipment is almost entirely melded.
You are incapable of wielding weapons or throwing items.
You cannot cast spells.
You are immune to sickness and miasma.
((Your stone body is resilient. (AC +11)))
You are immune to poison.
((Your large and strong wings let you fly.))
You resist negative energy. (rN+)
((You are resistant to electric shocks. (rElec)))
You are resistant to unholy torment.
You are immune to petrification.
You are somewhat resistant to further mutation.
You are occasionally teleported next to monsters.


   Skills:
 + Level 12.4 Fighting
 - Level 17.0 Axes
 - Level 2.0 Throwing
 - Level 12.1 Armour
 - Level 4.0 Dodging
 - Level 13.0 Shields


You had 14 spell levels left.
You didn't know any spells.
Your spell library was empty.

Inventory:

Hand Weapons
 d - a +0 broad axe of chaos
 x - a +1 demon whip of venom (melded)
Armour
 b - a +1 helmet (melded)
 e - a +1 pair of gloves (melded)
 f - a +2 cloak (melded)
 l - a +0 kite shield (melded)
 o - a +2 pair of boots of flying (melded)
 u - a +0 plate armour of cold resistance (melded)
Jewellery
 a - a ring of resist corrosion (melded)
 i - a +6 ring of dexterity (melded)
 m - an amulet of the acrobat (around neck)
 r - a ring of fire
Scrolls
 g - 4 scrolls of identify
Potions
 c - 3 potions of haste
 h - 2 potions of heal wounds
 j - a potion of might
 k - a potion of resistance
 p - 6 potions of curing
 v - a potion of cancellation

Dungeon Overview and Level Annotations

Branches:
Dungeon (14/15)            Temple (0/1) D:4            Lair (5/5) D:11
 Shoals (0/4) Lair:2       Spider (0/4) Lair:3        Slime (0/5) Lair:5
    Orc (0/2) D:10          Sewer (visited)
 Vaults: D:13-14

Altars:
Dithmenos
Elyvilon
Fedhas
Gozag
Makhleb
Okawaru
Sif Muna
Trog
Uskayaw
Vehumet
Wu Jian
Xom
Zin
The Shining One
Jiyva

Shops:
D:2 *   D:9 [

Annotations:
D:4 1 runed translucent door, Crazy Yiuf
D:14 Kirke


Message History

You feel clumsy.
You bite the cyan ugly thing!
The cyan ugly thing is severely wounded.
The cyan ugly thing basks in the mutagenic energy from its kin and changes!
The hog bites you!
You bite the cyan ugly thing!
The cyan ugly thing is almost dead.
A two-headed ogre comes into view.
It is wielding a +0 giant spiked club and a +0 giant club.
Something hits you.
You closely miss the cyan ugly thing.
The cyan ugly thing is almost dead.
The hog bites you. The cyan ugly thing claws you!
The cyan ugly thing shocks you!
You closely miss the cyan ugly thing.
The cyan ugly thing is almost dead.
Something hits you! The hog closely misses you.
You bite the cyan ugly thing!
You kill the cyan ugly thing!
Trog accepts your kill. The green ugly thing punches you!
You closely miss the green ugly thing. The hog bites you.
You hear some strange, mumbled words.
You feel a momentary urge to oink.
The deep elf pyromancer gestures wildly while chanting.
The deep elf pyromancer blinks!
You completely miss the green ugly thing.
The green ugly thing closely misses you.
The hog closely misses you.
You closely miss the green ugly thing.
You hear some strange, mumbled words.
You feel yourself slow down.
You hit the green ugly thing.
The green ugly thing is lightly wounded.
The hog bites you. The green ugly thing barely misses you.
You barely miss the green ugly thing.
The green ugly thing is lightly wounded.
You hear some strange, mumbled words.
You feel a momentary urge to oink. The hog bites you!
You die...

#........#####..
...##.....#######
#..##.........####
#...#...........[.
..#..........###
#.######..#.............
e...OKhh.............###
....ZOh{u............#
#h%##.#.####..##
#%.##... .... #..# ..###
#..# #... #...#
##..#######...##
.......<........
#######.........


You could see a green ugly thing, 2 two-headed ogres, a deep elf pyromancer, 3
hogs, a kobold brigand and a centaur warrior skeleton.

Vanquished Creatures
  2 boulder beetles
  4 hydras
  A death knight (D:14)
  2 centaur warriors
  A tengu warrior (D:7)
  2 two-headed ogres
  5 death yaks
  Amaemon (Lair:2)
  2 skeletal warriors
  A phantasmal warrior (D:14)
  An obsidian statue (Lair:3)
  A deep elf pyromancer (D:13)
  Pikel (D:4)
  A cyclops (D:13)
  3 manticores
  8 ugly things
  19 elephants
  7 black mambas
  Maggie (D:7)
  An orange demon (Lair:2)
  21 cane toads
  A kobold demonologist (D:10)
  2 torpor snails
  A gargoyle (D:12)
  9 komodo dragons
  2 rime drakes
  A tengu conjurer (D:7)
  2 hornets
  5 tyrant leeches (Lair:5)
  2 polar bears
  4 trolls
  15 slime creatures
  6 dream sheep
  18 blink frogs
  A culicivora (Lair:3)
  2 vampires
  2 wraiths
  A shadow (D:12)
  4 wyverns
  33 yaks
  2 basilisks
  2 redbacks (Lair:3)
  6 steam dragons
  Grum (D:8)
  14 vampire mosquitoes
  Edmund (D:4)
  2 acid dragons
  9 water moccasins
  5 sky beasts
  Pargi (D:4)
  4 orc warriors
  3 ice beasts (D:7)
  3 black bears
  An ogre (D:5)
  32 wolves
  6 centaurs
  A lemure (D:4)
  2 phantoms (D:5)
  7 kobold brigands
  2 necrophages (D:7)
  Blork the orc (D:5)
  15 bullfrogs
  A gnoll sergeant (D:7)
  5 scorpions
  5 wights (D:7)
  10 killer bees
  An electric eel (Lair:2)
  5 howler monkeys
  2 crimson imps
  2 hounds
  6 orc priests
  4 jellies
  A gnoll bouda (D:7)
  4 iguanas
  12 orc wizards
  3 hell rats (Lair:2)
  Robin (D:3)
  12 gnolls
  10 adders
  7 river rats
  5 shadow imps
  5 white imps
  2 worms
  3 dart slugs
  36 orcs
  12 ball pythons
  8 bats
  10 endoplasms
  8 giant cockroaches
  10 hobgoblins
  4 jackals (D:4)
  6 quokkas
  4 frilled lizards
  21 goblins
  15 kobolds
  22 rats
  2 butterflies
580 creatures vanquished.

Vanquished Creatures (collateral kills)
  A boulder beetle (D:12)
  3 hydras
  2 death yaks (Lair:3)
  A skeletal warrior (D:14)
  3 elephants (Lair:3)
  A cane toad (Lair:5)
  A hornet (Lair:3)
  2 blink frogs (Lair:3)
  2 wolves (Lair:3)
  2 bullfrogs (Lair:3)
18 creatures vanquished.

Vanquished Creatures (others)
  2 sky beasts (D:7)
  A shadow imp (D:7)
  28 fungi
  94 plants
125 creatures vanquished.

Grand Total: 723 creatures vanquished

Notes
Turn   | Place    | Note
-------+----------+-------------------------------------------
     0 | D:1      | qw the Gargoyle Berserker began the quest for the Orb.
     0 | D:1      | Reached XP level 1. HP: 14/14 MP: 1/1
     0 | D:1      | 0 ||| qw: Version: 0.1-a-103-gd6f5d3a
     0 | D:1      | 0 ||| qw: Game counter: 5419
     0 | D:1      | 0 ||| qw: Always use a shield: true
     0 | D:1      | 0 ||| qw: Do Orc after D:15 true
     0 | D:1      | 0 ||| qw: Do second Lair branch before Depths: true
     0 | D:1      | 0 ||| qw: Lair rune preference: random
     0 | D:1      | 0 ||| qw: Plans: Normal
     0 | D:1      | 0 ||| PLANNING D:1-11
    61 | D:1      | Reached skill level 3 in Axes
   246 | D:1      | 246 ||| Stepping ~*~*~tactically~*~*~ (stealth).
   249 | D:1      | Reached XP level 2. HP: 19/19 MP: 2/2
   265 | D:1      | 265 ||| Stepping ~*~*~tactically~*~*~ (stealth).
   266 | D:1      | 266 ||| Stepping ~*~*~tactically~*~*~ (stealth).
   390 | D:1      | 390 ||| Stepping ~*~*~tactically~*~*~ (stealth).
   393 | D:1      | 393 ||| Stepping ~*~*~tactically~*~*~ (stealth).
   394 | D:1      | 394 ||| Stepping ~*~*~tactically~*~*~ (stealth).
   396 | D:1      | 396 ||| Stepping ~*~*~tactically~*~*~ (stealth).
   397 | D:1      | 397 ||| Stepping ~*~*~tactically~*~*~ (stealth).
   398 | D:1      | 398 ||| Stepping ~*~*~tactically~*~*~ (stealth).
   448 | D:1      | You fall into a shaft and drop 1 floor!
   449 | D:2      | 449 ||| UPGRADING to +0 scale mail.
   459 | D:2      | 459 ||| DROPPING +0 animal skin.
   460 | D:2      | 460 ||| UPGRADING to +0 cloak.
   605 | D:1      | Reached XP level 3. HP: 23/23 MP: 3/3
   636 | D:1      | Reached ** piety under Trog
   704 | D:1      | 704 ||| Stepping ~*~*~tactically~*~*~ (stealth).
  1021 | D:1      | 1021 ||| READING scroll labelled KAITZY GIEFE.
  1060 | D:2      | Reached skill level 4 in Axes
  1216 | D:2      | Found Optifusa's Assorted Antiques.
  1261 | D:2      | 1261 ||| BUYING scroll labelled OFUISETHAG (26 gold).
  1261 | D:2      | Bought a scroll labelled OFUISETHAG for 26 gold pieces
  1261 | D:2      | 1261 ||| BUYING scroll labelled OFUISETHAG (26 gold).
  1261 | D:2      | Bought a scroll labelled OFUISETHAG for 26 gold pieces
  1261 | D:2      | 1261 ||| BUYING scroll labelled PEUFAAKKOGOSK (26 gold).
  1261 | D:2      | Bought a scroll labelled PEUFAAKKOGOSK for 26 gold pieces
  1381 | D:2      | Reached XP level 4. HP: 23/28 MP: 4/4
  1559 | D:2      | 1559 ||| READING scroll labelled VUENGE DEPTE.
  1562 | D:2      | 1562 ||| READING scroll labelled CIOMUBO LYWUEV.
  1563 | D:2      | 1563 ||| READING 2 scrolls labelled OFUISETHAG.
  1564 | D:2      | 1564 ||| READING scroll labelled PEUFAAKKOGOSK.
  1571 | D:3      | 1571 ||| STAIRDANCE
  1571 | D:3      | Noticed Robin
  1579 | D:3      | 1579 ||| STAIRDANCE
  1584 | D:3      | 1584 ||| STAIRDANCE
  1604 | D:3      | 1604 ||| STAIRDANCE
  1625 | D:3      | 1625 ||| STAIRDANCE
  1628 | D:2      | 1628 ||| INVOKING Berserk.
  1866 | D:3      | 1866 ||| Stepping ~*~*~tactically~*~*~ (hiding).
  1870 | D:3      | 1870 ||| INVOKING Berserk.
  1874 | D:3      | Killed Robin
  1881 | D:3      | 1881 ||| FLEEEEING.
  1882 | D:3      | 1882 ||| FLEEEEING.
  1883 | D:3      | 1883 ||| FLEEEEING.
  1884 | D:3      | 1884 ||| FLEEEEING.
  1885 | D:3      | 1885 ||| FLEEEEING.
  1886 | D:3      | 1886 ||| FLEEEEING.
  1887 | D:3      | 1887 ||| FLEEEEING.
  1888 | D:3      | 1888 ||| FLEEEEING.
  1889 | D:3      | 1889 ||| FLEEEEING.
  1892 | D:3      | 1892 ||| STAIRDANCE
  2008 | D:3      | 2008 ||| Stepping ~*~*~tactically~*~*~ (stealth).
  2013 | D:3      | 2013 ||| Stepping ~*~*~tactically~*~*~ (stealth).
  2157 | D:3      | 2157 ||| Stepping ~*~*~tactically~*~*~ (hiding).
  2361 | D:3      | 2361 ||| SWAPPING to +0 war axe.
  2363 | D:3      | 2363 ||| DROPPING +0 hand axe.
  2388 | D:3      | 2388 ||| Stepping ~*~*~tactically~*~*~ (stealth).
  2395 | D:3      | Found a faded altar of an unknown god.
  2417 | D:3      | 2417 ||| Stepping ~*~*~tactically~*~*~ (stealth).
  2444 | D:3      | 2444 ||| Stepping ~*~*~tactically~*~*~ (stealth).
  2458 | D:3      | 2458 ||| Stepping ~*~*~tactically~*~*~ (stealth).
  2464 | D:3      | Reached *** piety under Trog
  2467 | D:3      | 2467 ||| READING scroll of enchant armour.
  2467 | D:3      | 2467 ||| ENCHANTING +0 cloak.
  2561 | D:3      | 2561 ||| DROPPING +0 club.
  2672 | D:3      | 2672 ||| READING scroll of enchant armour.
  2672 | D:3      | 2672 ||| ENCHANTING +1 cloak.
  2711 | D:3      | 2711 ||| UPGRADING to +0 helmet.
  2716 | D:3      | 2716 ||| UPGRADING to amulet of the acrobat.
  2721 | D:3      | 2721 ||| READING scroll labelled CYNEFF SYELOQIE.
  2822 | D:3      | 2822 ||| DRINKING 2 clear potions.
  2823 | D:3      | 2823 ||| READING 2 scrolls of identify.
  2823 | D:3      | 2823 ||| IDENTIFYING grey potion
  2824 | D:3      | 2824 ||| DROPPING potion of attraction.
  2825 | D:3      | 2825 ||| DROPPING potion of degeneration.
  2920 | D:4      | Reached skill level 5 in Axes
  2920 | D:4      | Reached XP level 5. HP: 31/32 MP: 5/5
  3007 | D:4      | Noticed Pargi
  3028 | D:4      | 3028 ||| INVOKING Berserk.
  3036 | D:4      | Killed Pargi
  3037 | D:4      | Reached XP level 6. HP: 24/40 MP: 6/6
  3113 | D:4      | 3113 ||| FLEEEEING.
  3115 | D:4      | 3115 ||| STAIRDANCE
  3260 | D:4      | Found a staircase to the Ecumenical Temple.
  3261 | D:4      | 3261 ||| DROPPING +0 mace.
  3303 | D:4      | Found a shimmering blue altar of Sif Muna.
  3326 | D:4      | Noticed Pikel
  3327 | D:4      | 3327 ||| INVOKING Berserk.
  3337 | D:4      | Killed Pikel
  3338 | D:4      | Reached skill level 7 in Axes
  3338 | D:4      | Reached XP level 7. HP: 33/44 MP: 7/7
  3526 | D:4      | Found a burning altar of Makhleb.
  3546 | D:4      | Found a shimmering altar of Xom.
  3579 | D:4      | 3579 ||| Stepping ~*~*~tactically~*~*~ (hiding).
  3788 | D:4      | Found a hide-covered altar of Uskayaw.
  4025 | D:4      | Reached skill level 3 in Armour
  4025 | D:4      | Noticed Edmund
  4030 | D:4      | 4030 ||| INVOKING Berserk.
  4041 | D:4      | Killed Edmund
  4042 | D:4      | Reached XP level 8. HP: 46/49 MP: 8/8
  4175 | D:4      | Found a runed translucent door.
  4176 | D:4      | Noticed Crazy Yiuf
  4179 | D:4      | 4179 ||| UPGRADING to +2 pair of boots of flying.
  4184 | D:4      | 4184 ||| READING scroll labelled QEGOWKUENT.
  4185 | D:4      | 4185 ||| READING 3 scrolls labelled KIOSUXU VATH.
  4186 | D:4      | 4186 ||| READING 2 scrolls of identify.
  4186 | D:4      | 4186 ||| IDENTIFYING fuming red potion
  4187 | D:4      | 4187 ||| DROPPING 2 scrolls of summoning.
  4220 | D:5      | Entered Level 5 of the Dungeon
  4226 | D:5      | 4226 ||| Stepping ~*~*~tactically~*~*~ (hiding).
  4227 | D:5      | 4227 ||| Stepping ~*~*~tactically~*~*~ (hiding).
  4232 | D:5      | 4232 ||| STAIRDANCE
  4302 | D:5      | 4302 ||| INVOKING Berserk.
  4308 | D:5      | 4308 ||| STAIRDANCE
  4483 | D:5      | 4483 ||| Stepping ~*~*~tactically~*~*~ (hiding).
  4595 | D:5      | Reached skill level 8 in Axes
  4846 | D:5      | 4846 ||| Stepping ~*~*~tactically~*~*~ (hiding).
  4848 | D:5      | 4848 ||| Stepping ~*~*~tactically~*~*~ (hiding).
  4995 | D:5      | Noticed Blork the orc
  4997 | D:5      | 4997 ||| INVOKING Berserk.
  5003 | D:5      | Killed Blork the orc
  5137 | D:5      | 5137 ||| Stepping ~*~*~tactically~*~*~ (stealth).
  5139 | D:5      | 5139 ||| Stepping ~*~*~tactically~*~*~ (stealth).
  5142 | D:5      | 5142 ||| Stepping ~*~*~tactically~*~*~ (stealth).
  5144 | D:5      | 5144 ||| Stepping ~*~*~tactically~*~*~ (hiding).
  5149 | D:5      | 5149 ||| INVOKING Berserk.
  5158 | D:5      | 5158 ||| Stepping ~*~*~tactically~*~*~ (stealth).
  5166 | D:5      | Reached skill level 6 in Fighting
  5349 | D:5      | 5349 ||| INVOKING Berserk.
  5458 | D:5      | 5458 ||| INVOKING Berserk.
  5672 | D:5      | 5672 ||| Stepping ~*~*~tactically~*~*~ (stealth).
  5830 | D:5      | 5830 ||| READING scroll of enchant armour.
  5830 | D:5      | 5830 ||| ENCHANTING +0 helmet.
  5991 | D:5      | 5991 ||| UPGRADING to +0 plate armour.
  6001 | D:5      | 6001 ||| DROPPING +0 scale mail.
  6002 | D:5      | 6002 ||| READING scroll labelled QUOTREIXZO.
  6058 | D:5      | 6058 ||| READING 2 scrolls labelled YJUIXESATHREUS.
  6059 | D:5      | 6059 ||| READING scroll of enchant weapon.
  6059 | D:5      | 6059 ||| ENCHANTING +1 war axe.
  6060 | D:5      | 6060 ||| READING scroll labelled NOUN LIWUHUTEA.
  6112 | D:6      | 6112 ||| PLANNING SEWER
  6152 | D:6      | Reached XP level 9. HP: 55/55 MP: 9/9
  6156 | D:6      | 6156 ||| FLEEEEING.
  6157 | D:6      | 6157 ||| FLEEEEING.
  6158 | D:6      | 6158 ||| FLEEEEING.
  6159 | D:6      | 6159 ||| FLEEEEING.
  6160 | D:6      | 6160 ||| FLEEEEING.
  6161 | D:6      | 6161 ||| FLEEEEING.
  6162 | D:6      | 6162 ||| FLEEEEING.
  6165 | D:6      | 6165 ||| FLEEEEING.
  6166 | D:6      | 6166 ||| FLEEEEING.
  6167 | D:6      | 6167 ||| FLEEEEING.
  6215 | D:6      | Reached **** piety under Trog
  6222 | D:6      | 6222 ||| INVOKING Berserk.
  6330 | D:6      | Found an iron altar of Okawaru.
  6330 | D:6      | Found a shadowy altar of Dithmenos.
  6340 | D:6      | 6340 ||| INVOKING Berserk.
  6520 | D:6      | 6520 ||| Stepping ~*~*~tactically~*~*~ (stealth).
  6689 | D:6      | Found a glowing drain.
  6690 | D:6      | 6690 ||| UPGRADING to +0 pair of gloves.
  6695 | D:6      | 6695 ||| UPGRADING to +0 kite shield.
  6700 | D:6      | 6700 ||| READING scroll labelled WALLEI YTAMUU.
  6701 | D:6      | 6701 ||| DRINKING 2 bubbling blue potions.
  6705 | Sewer    | Entered a sewer
  6859 | Sewer    | 6859 ||| READING scroll of enchant weapon.
  6859 | Sewer    | 6859 ||| ENCHANTING +2 war axe.
  7017 | Sewer    | Reached skill level 1 in Shields
  7274 | Sewer    | Reached skill level 3 in Shields
  7388 | Sewer    | 7388 ||| DRINKING 2 fuming black potions.
  7388 | Sewer    | Gained mutation: Your mind is acute. (Int +4, Str/Dex -1)
                  | [potion of mutation]
  7388 | Sewer    | Gained mutation: You occasionally lose the ability to read
                  | scrolls when taking damage. [potion of mutation]
  7389 | Sewer    | 7389 ||| DRINKING potion of mutation.
  7389 | Sewer    | Lost mutation: Your mind is acute. (Int +4, Str/Dex -1)
                  | [potion of mutation]
  7389 | Sewer    | Lost mutation: You occasionally lose the ability to read
                  | scrolls when taking damage. [potion of mutation]
  7389 | Sewer    | Gained mutation: You are frail. (-10% HP) [potion of
                  | mutation]
  7389 | Sewer    | Gained mutation: You possess an exceptional clarity of
                  | mind. [potion of mutation]
  7389 | Sewer    | Gained mutation: Your body sometimes deteriorates upon
                  | taking damage. [potion of mutation]
  7389 | Sewer    | Gained mutation: You have sharp toenails. [potion of
                  | mutation]
  7411 | D:6      | 7411 ||| PLANNING D:1-11
  7567 | D:6      | 7567 ||| INVOKING Berserk.
  7905 | D:6      | 7905 ||| DRINKING 2 metallic purple potions.
  7906 | D:6      | 7906 ||| DROPPING potion of brilliance.
  7977 | D:7      | Reached skill level 6 in Shields
  8208 | D:7      | 8208 ||| Stepping ~*~*~tactically~*~*~ (stealth).
  8209 | D:7      | 8209 ||| INVOKING Berserk.
  8218 | D:7      | 8218 ||| Stepping ~*~*~tactically~*~*~ (hiding).
  8228 | D:7      | Reached skill level 6 in Armour
  8325 | D:7      | 8325 ||| Stepping ~*~*~tactically~*~*~ (stealth).
  8335 | D:7      | 8335 ||| DROPPING +3 flail.
  8347 | D:7      | 8347 ||| SWAPPING to +2 war axe of flaming.
  8348 | D:7      | 8348 ||| DROPPING +5 morningstar.
  8349 | D:7      | 8349 ||| DROPPING +3 war axe.
  8357 | D:7      | Found a radiant altar of Vehumet.
  8358 | D:7      | 8358 ||| Stepping ~*~*~tactically~*~*~ (hiding).
  8375 | D:7      | Reached XP level 10. HP: 29/54 MP: 10/10
  8533 | D:7      | 8533 ||| FLEEEEING.
  8680 | D:7      | Noticed Maggie
  8681 | D:7      | 8681 ||| Stepping ~*~*~tactically~*~*~ (hiding).
  8687 | D:7      | 8687 ||| INVOKING Berserk.
  8692 | D:7      | Killed Maggie
  8693 | D:7      | Reached skill level 9 in Axes
  8890 | D:7      | 8890 ||| INVOKING Berserk.
  9214 | D:7      | 9214 ||| INVOKING Berserk.
  9223 | D:7      | 9223 ||| Stepping ~*~*~tactically~*~*~ (cloud).
  9350 | D:7      | Noticed a centaur warrior
  9350 | D:7      | Noticed a skeletal warrior
  9354 | D:7      | 9354 ||| INVOKING Berserk.
  9362 | D:7      | Killed a centaur warrior
  9368 | D:7      | HP: 9/56 [skeletal warrior/+0 war axe (12)]
  9369 | D:7      | 9369 ||| READING 4 scrolls of teleportation.
  9369 | D:7      | HP: 3/56 [skeletal warrior/+0 war axe (6)]
  9370 | D:7      | 9370 ||| DRINKING 4 potions of heal wounds.
  9545 | D:7      | 9545 ||| Stepping ~*~*~tactically~*~*~ (hiding).
  9583 | D:7      | 9583 ||| INVOKING Berserk.
  9598 | D:7      | 9598 ||| Stepping ~*~*~tactically~*~*~ (cloud).
  9599 | D:7      | 9599 ||| Stepping ~*~*~tactically~*~*~ (hiding).
  9601 | D:7      | 9601 ||| Stepping ~*~*~tactically~*~*~ (cloud).
  9608 | D:7      | Noticed a seven-headed hydra
  9614 | D:7      | HP: 14/56 [five-headed hydra (5)]
  9615 | D:7      | 9615 ||| READING 3 scrolls of teleportation.
  9616 | D:7      | 9616 ||| DRINKING 3 potions of heal wounds.
  9617 | D:7      | 9617 ||| DRINKING 2 potions of heal wounds.
  9768 | D:7      | 9768 ||| INVOKING Berserk.
  9781 | D:7      | Reached skill level 9 in Shields
  9782 | D:7      | Killed a skeletal warrior
  9789 | D:7      | Reached skill level 10 in Axes
  9790 | D:7      | Killed a one-headed hydra
  9791 | D:7      | Reached XP level 11. HP: 52/61 MP: 11/11
  9793 | D:7      | 9793 ||| Stepping ~*~*~tactically~*~*~ (stealth).
  9803 | D:7      | 9803 ||| Stepping ~*~*~tactically~*~*~ (stealth).
  9807 | D:7      | 9807 ||| Stepping ~*~*~tactically~*~*~ (hiding).
  9818 | D:7      | 9818 ||| Stepping ~*~*~tactically~*~*~ (hiding).
  9971 | D:7      | 9971 ||| Stepping ~*~*~tactically~*~*~ (hiding).
 10043 | D:7      | Noticed a tengu warrior
 10064 | D:7      | Killed a tengu warrior
 10225 | D:7      | 10225 ||| Stepping ~*~*~tactically~*~*~ (stealth).
 10230 | D:7      | 10230 ||| Stepping ~*~*~tactically~*~*~ (stealth).
 10412 | D:7      | Found a bloodstained altar of Trog.
 10482 | D:7      | 10482 ||| READING 2 scrolls labelled UVURCH HINYEBB.
 10483 | D:7      | 10483 ||| DRINKING 2 fuming yellow potions.
 10588 | D:7      | 10588 ||| DRINKING 2 puce potions.
 10589 | D:7      | 10589 ||| READING 2 scrolls of identify.
 10589 | D:7      | 10589 ||| IDENTIFYING bubbling amethyst potion
 10590 | D:7      | 10590 ||| DROPPING potion of berserk rage.
 10591 | D:7      | 10591 ||| DROPPING scroll of immolation.
 10592 | D:7      | 10592 ||| DROPPING potion of invisibility.
 10629 | D:8      | Reached ***** piety under Trog
 10872 | D:8      | 10872 ||| INVOKING Berserk.
 10992 | D:8      | Found an opulent altar of Gozag.
 11020 | D:8      | 11020 ||| Stepping ~*~*~tactically~*~*~ (hiding).
 11030 | D:8      | Reached skill level 11 in Axes
 11111 | D:8      | 11111 ||| Stepping ~*~*~tactically~*~*~ (stealth).
 11116 | D:8      | 11116 ||| Stepping ~*~*~tactically~*~*~ (hiding).
 11121 | D:8      | 11121 ||| INVOKING Berserk.
 11129 | D:8      | 11129 ||| Stepping ~*~*~tactically~*~*~ (cloud).
 11132 | D:8      | Noticed Grum
 11152 | D:8      | 11152 ||| INVOKING Berserk.
 11155 | D:8      | Killed Grum
 11397 | D:8      | 11397 ||| READING scroll labelled DYPUOPS KENAT.
 11435 | D:8      | 11435 ||| DROPPING +0 whip.
 11436 | D:8      | 11436 ||| DRINKING 2 golden potions.
 11437 | D:8      | 11437 ||| DROPPING potion of magic.
 11485 | D:7      | 11485 ||| DROPPING +2 mace of holy wrath.
 11631 | D:9      | 11631 ||| Stepping ~*~*~tactically~*~*~ (hiding).
 11679 | D:9      | 11679 ||| Stepping ~*~*~tactically~*~*~ (stealth).
 11681 | D:9      | 11681 ||| Stepping ~*~*~tactically~*~*~ (cloud).
 11683 | D:9      | 11683 ||| Stepping ~*~*~tactically~*~*~ (hiding).
 11685 | D:9      | 11685 ||| INVOKING Berserk.
 11843 | D:9      | Found Wyuhoise's Antique Armour Emporium.
 11850 | D:9      | 11850 ||| BUYING glowing helmet (225 gold).
 11850 | D:9      | Bought a glowing helmet for 225 gold pieces
 11918 | D:9      | Found a blossoming altar of Fedhas.
 12017 | D:9      | 12017 ||| Stepping ~*~*~tactically~*~*~ (hiding).
 12019 | D:9      | 12019 ||| Stepping ~*~*~tactically~*~*~ (hiding).
 12188 | D:9      | 12188 ||| Stepping ~*~*~tactically~*~*~ (hiding).
 12384 | D:9      | 12384 ||| Stepping ~*~*~tactically~*~*~ (stealth).
 12394 | D:9      | 12394 ||| INVOKING Berserk.
 12734 | D:9      | Found an ornate altar of the Wu Jian Council.
 12740 | D:9      | 12740 ||| DROPPING +1 helmet of intelligence.
 12741 | D:9      | 12741 ||| READING scroll labelled HYFAOH ZIUHEE.
 12742 | D:9      | 12742 ||| READING 2 scrolls of identify.
 12742 | D:9      | 12742 ||| IDENTIFYING fuming white potion
 12743 | D:9      | 12743 ||| DROPPING potion of flight.
 12817 | D:10     | Entered Level 10 of the Dungeon
 12866 | D:10     | 12866 ||| Stepping ~*~*~tactically~*~*~ (stealth).
 12950 | D:10     | Found a staircase to the Orcish Mines.
 12982 | D:10     | 12982 ||| INVOKING Berserk.
 13152 | D:10     | Reached skill level 9 in Fighting
 13447 | D:10     | 13447 ||| READING scroll of enchant weapon.
 13447 | D:10     | 13447 ||| ENCHANTING +2 spectral war axe.
 13460 | D:10     | 13460 ||| Stepping ~*~*~tactically~*~*~ (stealth).
 13464 | D:10     | 13464 ||| Stepping ~*~*~tactically~*~*~ (stealth).
 13466 | D:10     | 13466 ||| Stepping ~*~*~tactically~*~*~ (stealth).
 13477 | D:10     | Reached skill level 9 in Armour
 13548 | D:10     | 13548 ||| Stepping ~*~*~tactically~*~*~ (stealth).
 13563 | D:10     | 13563 ||| DROPPING +0 flail.
 13669 | D:10     | Found a glowing silver altar of Zin.
 13670 | D:10     | Found a glowing golden altar of the Shining One.
 13671 | D:10     | Found a white marble altar of Elyvilon.
 13786 | D:10     | 13786 ||| READING 2 scrolls of identify.
 13786 | D:10     | 13786 ||| IDENTIFYING viscous orange potion
 13835 | D:11     | Noticed a five-headed hydra
 13835 | D:11     | Found a staircase to the Lair.
 13836 | D:11     | 13836 ||| INVOKING Brothers in Arms.
 13837 | D:11     | 13837 ||| INVOKING Brothers in Arms.
 13838 | D:11     | 13838 ||| SWAPPING to +2 vorpal flail.
 13839 | D:11     | 13839 ||| INVOKING Berserk.
 13841 | D:11     | Killed a five-headed hydra
 13868 | D:11     | 13868 ||| STAIRDANCE
 13870 | D:10     | 13870 ||| SWAPPING to +3 spectral war axe.
 13989 | D:11     | Noticed a two-headed ogre
 13990 | D:11     | 13990 ||| READING 3 scrolls of teleportation.
 14354 | D:11     | 14354 ||| READING 2 scrolls of teleportation.
 14393 | D:11     | 14393 ||| INVOKING Berserk.
 14395 | D:11     | Reached XP level 12. HP: 68/68 MP: 12/12
 14512 | D:11     | 14512 ||| READING scroll of teleportation.
 14791 | D:11     | 14791 ||| READING 3 scrolls of identify.
 14791 | D:11     | 14791 ||| IDENTIFYING purple potion
 14792 | D:11     | 14792 ||| READING 2 scrolls of identify.
 14792 | D:11     | 14792 ||| IDENTIFYING blue potion
 14793 | D:11     | 14793 ||| DROPPING potion of lignification.
 14827 | D:11     | Killed a two-headed ogre
 14828 | D:11     | Reached skill level 12 in Axes
 14885 | D:11     | 14885 ||| Stepping randomly (stuck).
 14886 | D:11     | 14886 ||| PLANNING LAIR
 14911 | Lair:1   | Entered Level 1 of the Lair of Beasts
 14965 | Lair:1   | 14965 ||| Stepping ~*~*~tactically~*~*~ (stealth).
 15051 | Lair:1   | 15051 ||| Stepping ~*~*~tactically~*~*~ (stealth).
 15265 | Lair:1   | 15265 ||| Stepping ~*~*~tactically~*~*~ (hiding).
 15269 | Lair:1   | 15269 ||| INVOKING Berserk.
 15388 | Lair:1   | 15388 ||| Stepping ~*~*~tactically~*~*~ (stealth).
 15720 | Lair:1   | 15720 ||| INVOKING Berserk.
 16142 | Lair:1   | 16142 ||| DROPPING amulet of faith.
 16191 | Lair:2   | 16191 ||| STAIRDANCE
 16193 | Lair:1   | 16193 ||| INVOKING Berserk.
 16302 | Lair:2   | 16302 ||| STAIRDANCE
 16304 | Lair:1   | 16304 ||| INVOKING Berserk.
 16424 | Lair:2   | 16424 ||| STAIRDANCE
 16429 | Lair:2   | 16429 ||| STAIRDANCE
 16480 | Lair:2   | 16480 ||| Stepping ~*~*~tactically~*~*~ (stealth).
 16481 | Lair:2   | 16481 ||| Stepping ~*~*~tactically~*~*~ (stealth).
 16558 | Lair:2   | 16558 ||| INVOKING Berserk.
 16666 | Lair:2   | 16666 ||| Stepping ~*~*~tactically~*~*~ (stealth).
 16668 | Lair:2   | 16668 ||| Stepping ~*~*~tactically~*~*~ (stealth).
 16670 | Lair:2   | 16670 ||| Stepping ~*~*~tactically~*~*~ (stealth).
 16682 | Lair:2   | Reached skill level 13 in Axes
 16816 | Lair:2   | 16816 ||| Stepping ~*~*~tactically~*~*~ (stealth).
 16827 | Lair:2   | Noticed a death yak
 16829 | Lair:2   | 16829 ||| INVOKING Berserk.
 16833 | Lair:2   | Killed a death yak
 16844 | Lair:2   | 16844 ||| Stepping ~*~*~tactically~*~*~ (stealth).
 16845 | Lair:2   | 16845 ||| Stepping ~*~*~tactically~*~*~ (stealth).
 16846 | Lair:2   | 16846 ||| Stepping ~*~*~tactically~*~*~ (stealth).
 16848 | Lair:2   | 16848 ||| Stepping ~*~*~tactically~*~*~ (stealth).
 16849 | Lair:2   | 16849 ||| Stepping ~*~*~tactically~*~*~ (stealth).
 16850 | Lair:2   | 16850 ||| Stepping ~*~*~tactically~*~*~ (stealth).
 16976 | Lair:2   | 16976 ||| Stepping ~*~*~tactically~*~*~ (stealth).
 17060 | Lair:2   | Noticed Amaemon
 17061 | Lair:2   | 17061 ||| Stepping ~*~*~tactically~*~*~ (hiding).
 17069 | Lair:2   | 17069 ||| INVOKING Berserk.
 17077 | Lair:2   | Killed Amaemon
 17082 | Lair:2   | Reached XP level 13. HP: 73/73 MP: 13/13
 17124 | Lair:2   | 17124 ||| DROPPING +2 vorpal flail.
 17202 | Lair:2   | Found a staircase to the Shoals.
 17316 | Lair:2   | 17316 ||| READING scroll of enchant armour.
 17316 | Lair:2   | 17316 ||| ENCHANTING +0 pair of gloves.
 17381 | Lair:2   | 17381 ||| DROPPING +0 chain mail of willpower.
 17382 | Lair:2   | 17382 ||| UPGRADING to +0 plate armour of cold resistance.
 17392 | Lair:2   | 17392 ||| DROPPING +0 plate armour.
 17393 | Lair:2   | 17393 ||| DROPPING ring of flight.
 17415 | Lair:3   | 17415 ||| INVOKING Berserk.
 17515 | Lair:3   | 17515 ||| Stepping ~*~*~tactically~*~*~ (stealth).
 17552 | Lair:3   | 17552 ||| DRINKING potion of mutation.
 17552 | Lair:3   | Lost mutation: You have sharp toenails. [potion of
                  | mutation]
 17552 | Lair:3   | Lost mutation: You possess an exceptional clarity of mind.
                  | [potion of mutation]
 17552 | Lair:3   | Lost mutation: Your body sometimes deteriorates upon taking
                  | damage. [potion of mutation]
 17552 | Lair:3   | Lost mutation: You are frail. (-10% HP) [potion of
                  | mutation]
 17552 | Lair:3   | Gained mutation: You are occasionally teleported next to
                  | monsters. [potion of mutation]
 17552 | Lair:3   | Gained mutation: Your body sometimes deteriorates upon
                  | taking damage. [potion of mutation]
 17552 | Lair:3   | Gained mutation: Your spells are a little harder to cast,
                  | but a little more powerful. [potion of mutation]
 17653 | Lair:3   | 17653 ||| INVOKING Berserk.
 17773 | Lair:3   | 17773 ||| INVOKING Brothers in Arms.
 17776 | Lair:3   | 17776 ||| INVOKING Berserk.
 17783 | Lair:3   | Reached skill level 14 in Axes
 17974 | Lair:3   | 17974 ||| Stepping ~*~*~tactically~*~*~ (stealth).
 17975 | Lair:3   | 17975 ||| Stepping ~*~*~tactically~*~*~ (stealth).
 17977 | Lair:3   | 17977 ||| Stepping ~*~*~tactically~*~*~ (stealth).
 17980 | Lair:3   | 17980 ||| Stepping ~*~*~tactically~*~*~ (stealth).
 17990 | Lair:3   | 17990 ||| FLEEEEING.
 17991 | Lair:3   | 17991 ||| FLEEEEING.
 17992 | Lair:3   | 17992 ||| FLEEEEING.
 17993 | Lair:3   | 17993 ||| FLEEEEING.
 17994 | Lair:3   | 17994 ||| FLEEEEING.
 17995 | Lair:3   | 17995 ||| FLEEEEING.
 18068 | Lair:3   | Found a hole to the Spider Nest.
 18383 | Lair:3   | 18383 ||| Stepping ~*~*~tactically~*~*~ (stealth).
 18385 | Lair:3   | 18385 ||| Stepping ~*~*~tactically~*~*~ (stealth).
 18387 | Lair:3   | 18387 ||| INVOKING Berserk.
 18410 | Lair:3   | 18410 ||| INVOKING Brothers in Arms.
 18415 | Lair:3   | 18415 ||| SWAPPING to +1 demon whip of venom.
 18416 | Lair:3   | 18416 ||| Stepping ~*~*~tactically~*~*~ (outnumbered).
 18417 | Lair:3   | 18417 ||| Stepping ~*~*~tactically~*~*~ (outnumbered).
 18424 | Lair:3   | HP: 19/84 [eight-headed hydra (7)]
 18425 | Lair:3   | 18425 ||| READING 2 scrolls of teleportation.
 18426 | Lair:3   | Reached skill level 12 in Shields
 18426 | Lair:3   | 18426 ||| DRINKING 5 potions of heal wounds.
 18427 | Lair:3   | 18427 ||| SWAPPING to +3 spectral war axe.
 18781 | Lair:3   | 18781 ||| INVOKING Brothers in Arms.
 18782 | Lair:3   | 18782 ||| INVOKING Brothers in Arms.
 18783 | Lair:3   | 18783 ||| INVOKING Brothers in Arms.
 18784 | Lair:3   | 18784 ||| INVOKING Brothers in Arms.
 18785 | Lair:3   | 18785 ||| INVOKING Brothers in Arms.
 18786 | Lair:3   | 18786 ||| INVOKING Brothers in Arms.
 18787 | Lair:3   | 18787 ||| INVOKING Brothers in Arms.
 18788 | Lair:3   | 18788 ||| INVOKING Brothers in Arms.
 18789 | Lair:3   | 18789 ||| INVOKING Brothers in Arms.
 18797 | Lair:3   | 18797 ||| FLEEEEING.
 18798 | Lair:3   | 18798 ||| FLEEEEING.
 18799 | Lair:3   | 18799 ||| FLEEEEING.
 18810 | Lair:3   | 18810 ||| FLEEEEING.
 18811 | Lair:3   | 18811 ||| FLEEEEING.
 18812 | Lair:3   | 18812 ||| FLEEEEING.
 18813 | Lair:3   | 18813 ||| FLEEEEING.
 18814 | Lair:3   | 18814 ||| FLEEEEING.
 18815 | Lair:3   | 18815 ||| FLEEEEING.
 18816 | Lair:3   | 18816 ||| FLEEEEING.
 18817 | Lair:3   | 18817 ||| FLEEEEING.
 18818 | Lair:3   | 18818 ||| FLEEEEING.
 18819 | Lair:3   | 18819 ||| FLEEEEING.
 18820 | Lair:3   | 18820 ||| FLEEEEING.
 18821 | Lair:3   | 18821 ||| FLEEEEING.
 18829 | Lair:3   | 18829 ||| STAIRDANCE
 18920 | Lair:2   | 18920 ||| READING 2 scrolls labelled HUALLI ASUNLU.
 18921 | Lair:2   | 18921 ||| DROPPING scroll of noise.
 18991 | Lair:3   | 18991 ||| FLEEEEING.
 18998 | Lair:3   | 18998 ||| INVOKING Berserk.
 19239 | Lair:4   | 19239 ||| INVOKING Berserk.
 19267 | Lair:4   | 19267 ||| FLEEEEING.
 19268 | Lair:4   | 19268 ||| STAIRDANCE
 19434 | Lair:3   | 19434 ||| UPGRADING to +6 ring of dexterity.
 19435 | Lair:3   | 19435 ||| READING 2 scrolls of identify.
 19435 | Lair:3   | 19435 ||| IDENTIFYING red potion
 19436 | Lair:3   | 19436 ||| DROPPING potion of ambrosia.
 19439 | Lair:4   | 19439 ||| SWAPPING to +1 demon whip of venom.
 19440 | Lair:4   | 19440 ||| INVOKING Berserk.
 19451 | Lair:4   | 19451 ||| STAIRDANCE
 19539 | Lair:3   | 19539 ||| SWAPPING to +3 spectral war axe.
 19555 | Lair:4   | Reached skill level 3 in Dodging
 19632 | Lair:4   | 19632 ||| Stepping ~*~*~tactically~*~*~ (stealth).
 19633 | Lair:4   | 19633 ||| Stepping ~*~*~tactically~*~*~ (stealth).
 19645 | Lair:4   | Gained mutation: Your large and strong wings let you fly.
                  | [Gargoyle growth]
 19645 | Lair:4   | Reached XP level 14. HP: 79/90 MP: 14/14
 19782 | Lair:4   | 19782 ||| INVOKING Berserk.
 19784 | Lair:4   | Reached skill level 15 in Axes
 20344 | Lair:5   | Entered Level 5 of the Lair of Beasts
 20345 | Lair:5   | 20345 ||| STAIRDANCE
 20352 | Lair:5   | 20352 ||| STAIRDANCE
 20354 | Lair:4   | 20354 ||| INVOKING Berserk.
 20473 | Lair:5   | 20473 ||| STAIRDANCE
 20569 | Lair:5   | 20569 ||| STAIRDANCE
 20571 | Lair:4   | 20571 ||| INVOKING Berserk.
 20814 | Lair:5   | 20814 ||| STAIRDANCE
 20842 | Lair:5   | Reached skill level 12 in Fighting
 20989 | Lair:5   | 20989 ||| SWAPPING to +0 broad axe.
 21023 | Lair:5   | 21023 ||| INVOKING Brothers in Arms.
 21026 | Lair:5   | 21026 ||| SWAPPING to +1 demon whip of venom.
 21028 | Lair:5   | 21028 ||| INVOKING Berserk.
 21039 | Lair:5   | Reached skill level 12 in Armour
 21062 | Lair:5   | HP: 21/92 [vampire mosquito (6)]
 21063 | Lair:5   | 21063 ||| READING scroll of teleportation.
 21064 | Lair:5   | 21064 ||| DRINKING 4 potions of heal wounds.
 21065 | Lair:5   | 21065 ||| DRINKING 3 potions of heal wounds.
 21066 | Lair:5   | 21066 ||| SWAPPING to +0 broad axe.
 21332 | Lair:5   | 21332 ||| DROPPING +3 spectral war axe.
 21333 | Lair:5   | 21333 ||| READING 2 scrolls of brand weapon.
 21333 | Lair:5   | 21333 ||| BRANDING +0 broad axe.
 21334 | Lair:5   | 21334 ||| READING scroll of brand weapon.
 21334 | Lair:5   | 21334 ||| BRANDING +0 vorpal broad axe.
 21376 | Lair:5   | 21376 ||| Stepping ~*~*~tactically~*~*~ (stealth).
 21377 | Lair:5   | 21377 ||| Stepping ~*~*~tactically~*~*~ (stealth).
 21398 | Lair:5   | 21398 ||| READING scroll of brand weapon.
 21398 | Lair:5   | 21398 ||| BRANDING +0 broad axe of protection.
 21453 | Lair:5   | Identified the +5 battleaxe "Qainutoh" {vorpal, rElec rPois
                  | Int-3}
 21531 | Lair:5   | 21531 ||| Stepping ~*~*~tactically~*~*~ (stealth).
 21541 | Lair:5   | Found a staircase to the Slime Pits.
 21541 | Lair:5   | Found a viscous altar of Jiyva.
 21684 | Lair:5   | 21684 ||| Stepping ~*~*~tactically~*~*~ (stealth).
 21889 | Lair:5   | Reached skill level 16 in Axes
 21983 | Lair:5   | 21983 ||| Stepping ~*~*~tactically~*~*~ (stealth).
 21987 | Lair:5   | 21987 ||| Stepping ~*~*~tactically~*~*~ (stealth).
 21988 | Lair:5   | 21988 ||| Stepping ~*~*~tactically~*~*~ (stealth).
 21990 | Lair:5   | 21990 ||| Stepping ~*~*~tactically~*~*~ (stealth).
 22034 | Lair:5   | 22034 ||| Stepping ~*~*~tactically~*~*~ (stealth).
 22058 | Lair:5   | 22058 ||| Stepping ~*~*~tactically~*~*~ (stealth).
 22266 | Lair:5   | Identified the +5 scimitar of Magnificence {freeze, rElec}
 22276 | Lair:5   | 22276 ||| Stepping ~*~*~tactically~*~*~ (stealth).
 22278 | Lair:5   | 22278 ||| Stepping ~*~*~tactically~*~*~ (stealth).
 22594 | Lair:5   | 22594 ||| FLEEEEING.
 22595 | Lair:5   | 22595 ||| FLEEEEING.
 22596 | Lair:5   | 22596 ||| FLEEEEING.
 22597 | Lair:5   | 22597 ||| FLEEEEING.
 22599 | Lair:5   | 22599 ||| FLEEEEING.
 22600 | Lair:5   | 22600 ||| FLEEEEING.
 22601 | Lair:5   | 22601 ||| FLEEEEING.
 22602 | Lair:5   | 22602 ||| FLEEEEING.
 22603 | Lair:5   | 22603 ||| FLEEEEING.
 22605 | Lair:5   | 22605 ||| FLEEEEING.
 22606 | Lair:5   | 22606 ||| FLEEEEING.
 22607 | Lair:5   | 22607 ||| FLEEEEING.
 22608 | Lair:5   | 22608 ||| FLEEEEING.
 22613 | Lair:5   | 22613 ||| FLEEEEING.
 22614 | Lair:5   | 22614 ||| FLEEEEING.
 22616 | Lair:5   | 22616 ||| FLEEEEING.
 22620 | Lair:5   | 22620 ||| FLEEEEING.
 22621 | Lair:5   | 22621 ||| FLEEEEING.
 22622 | Lair:5   | 22622 ||| FLEEEEING.
 22623 | Lair:5   | 22623 ||| FLEEEEING.
 22624 | Lair:5   | 22624 ||| FLEEEEING.
 22844 | Lair:5   | 22844 ||| PLANNING D
 22844 | Lair:5   | 22844 ||| UPGRADING to ring of resist corrosion.
 22951 | D:12     | Identified the +4 long sword of Amorality {chaos, Dex+2}
 22997 | D:12     | 22997 ||| DRINKING potion of mutation.
 22997 | D:12     | Lost mutation: Your body sometimes deteriorates upon taking
                  | damage. [potion of mutation]
 22997 | D:12     | Lost mutation: Your spells are a little harder to cast, but
                  | a little more powerful. [potion of mutation]
 22997 | D:12     | Gained mutation: You are somewhat resistant to further
                  | mutation. [potion of mutation]
 23125 | D:12     | 23125 ||| Stepping ~*~*~tactically~*~*~ (stealth).
 23146 | D:12     | 23146 ||| INVOKING Brothers in Arms.
 23148 | D:12     | 23148 ||| INVOKING Brothers in Arms.
 23149 | D:12     | 23149 ||| INVOKING Berserk.
 23308 | D:12     | Reached XP level 15. HP: 91/96 MP: 15/15
 23364 | D:12     | 23364 ||| Stepping ~*~*~tactically~*~*~ (hiding).
 23365 | D:12     | 23365 ||| Stepping ~*~*~tactically~*~*~ (hiding).
 23445 | D:12     | 23445 ||| Stepping ~*~*~tactically~*~*~ (stealth).
 23472 | D:12     | 23472 ||| INVOKING Berserk.
 23495 | D:12     | 23495 ||| Stepping ~*~*~tactically~*~*~ (stealth).
 23496 | D:12     | 23496 ||| Stepping ~*~*~tactically~*~*~ (stealth).
 23503 | D:12     | 23503 ||| Stepping ~*~*~tactically~*~*~ (stealth).
 23861 | D:13     | 23861 ||| PLANNING GAUNTLET
 24191 | D:13     | 24191 ||| READING scroll of brand weapon.
 24191 | D:13     | 24191 ||| BRANDING +0 vorpal broad axe.
 24221 | D:13     | Found a gate leading to a gauntlet.
 24222 | D:13     | 24222 ||| DROPPING +1 helmet.
 24224 | D:13     | 24224 ||| INVOKING Brothers in Arms.
 24225 | D:13     | 24225 ||| SWAPPING to +1 demon whip of venom.
 24226 | D:13     | 24226 ||| INVOKING Berserk.
 24232 | D:13     | 24232 ||| SWAPPING to +0 broad axe of chaos.
 24903 | D:13     | 24903 ||| RIP GAUNTLET
 24903 | D:13     | 24903 ||| PLANNING D
 24961 | D:14     | 24961 ||| INVOKING Berserk.
 24972 | D:14     | HP: 32/144 [death knight/+3 great sword (17)]
 24977 | D:14     | 24977 ||| READING scroll of teleportation.
 24977 | D:14     | HP: 13/96 [wraith[a death knight] (9)]
 24978 | D:14     | 24978 ||| DRINKING 3 potions of heal wounds.
 24985 | D:14     | 24985 ||| INVOKING Brothers in Arms.
 25222 | D:14     | 25222 ||| Stepping ~*~*~tactically~*~*~ (stealth).
 25224 | D:14     | 25224 ||| Stepping ~*~*~tactically~*~*~ (stealth).
 25234 | D:14     | 25234 ||| INVOKING Brothers in Arms.
 25239 | D:14     | Reached skill level 17 in Axes
 25323 | D:14     | Noticed Kirke
 25324 | D:14     | 25324 ||| INVOKING Trog's Hand.
 25325 | D:14     | 25325 ||| SWAPPING to +1 demon whip of venom.
 25326 | D:14     | 25326 ||| INVOKING Berserk.
 25358 | D:14     | HP: 33/144 [something (17)]
 25360 | D:14     | HP: 12/145 [hog[Kirke] (6)]
 25364 | D:14     | Slain by a hog

Levels and vault maps discovered:
D:1:      denvon_arrival_planthouse, layout_loops_ring, minmay_misc_feat_plants
D:2:      layout_rooms, serial_shops, shop_coins
D:3:      layout_basic, dreamdust_ecumenical_altar_sealed_demon, uniq_robin
D:4:      layout_basic, grunt_temple_overflow_champion_of_chaos,
          nicolae_uskayaw_dance_hall, mainiacjoe_overflow_surrounded_room,
          minmay_temple_entry_wispy, uniq_crazy_yiuf_cottage, uniq_pikel,
          uniq_edmund, uniq_pargi
D:5:      layout_loops_ring, uniq_blork_the_orc
D:6:      layout_gridville, grunt_temple_overflow_open, gup_sewer_entry_spiral
D:7:      nzn_winding_woodlands_stair_cross
          [nzn_winding_woodlands_5x15_sawtooth,
          nzn_winding_woodlands_center_pierced_h,
          nzn_winding_woodlands_5x15_pathside_ponds,
          nzn_winding_woodlands_5x5_three, nzn_winding_woodlands_5x5_default,
          nzn_winding_woodlands_5x15_parted, nzn_winding_woodlands_center_lodge,
          nzn_winding_woodlands_5x15_longhouse], layout_rooms,
          mainiacjoe_overflow_alcove_1, nicolae_overflow_hidden_temple,
          minivault_22, minmay_fire_ice_demons, uniq_maggie
D:8:      layout_basic, nicolae_gozag_cash_rules_everything_around_me, uniq_grum
D:9:      layout_loops_ring, fedhas_ov_isle_minmay, marbit_many_paths,
          serial_shops, shop_fountains
D:10:     layout_cave_pods, dreamdust_divine_triumvirate, orc_0_dummy
D:11:     layout_cross
D:12:     layout_gridville, minmay_misc_feat_more_columns
D:13:     layout_loops_ring, gauntlet_entry_generic
D:14:     layout_rooms, hangedman_vaults_entry_quadrant_bands,
          minmay_misc_feat_iff, uniq_kirke
Lair:1:   layout_cave_pods, lemuel_fruit_fields, serial_bayou_shore_b
Lair:2:   layout_hall_layers, elwin_shoals_entry_rooms,
          nicolae_quartered_pool_super, kennysheep_abandoned_house, uniq_amaemon
Lair:3:   statuecave_lemuel, layout_misc_corridors,
          spider_nest_entry_funnel_web, amcnicky_mini_pool_medium
Lair:4:   layout_misc_corridors
Lair:5:   minmay_lair_end_frog_pond, layout_cave_pods, slime_entry_1,
          lemuel_fruit_fields

Skill      XL: |  1  2  3  4  5  6  7  8  9 10 11 12 13 14 15 |
---------------+----------------------------------------------+-----
Axes           | 3 4 5 7 8 10 11 13 14 16 17 | 17.0
Fighting       | 4 5 6 8 9 10 11 12 | 12.4
Throwing       | 2 |  2.0
Armour         | 3 4 6 7 9 10 11 12 | 12.1
Shields        | 7 9 10 11 12 13 | 13.0
Dodging        | 2 3 4 |  4.0

Action                   |  1- 3 |  4- 6 |  7- 9 | 10-12 | 13-15 || total
-------------------------+-------+-------+-------+-------+-------++-------
Melee: Hand axe          |   106 |    53 |       |       |       ||   159
       Punch             |     3 |     1 |     6 |       |       ||    10
       War axe           |       |    76 |   321 |   480 |   252 ||  1129
       Flail             |       |       |       |     2 |       ||     2
       Demon whip        |       |       |       |       |    81 ||    81
       Broad axe         |       |       |       |       |   478 ||   478
       Unarmed           |       |       |       |       |    10 ||    10
Throw: Boomerang         |       |    23 |    47 |   110 |    50 ||   230
Invok: Berserk           |       |     4 |    10 |    21 |    16 ||    51
       Brothers in Arms  |       |       |       |     1 |    11 ||    12
       Trog's Hand       |       |       |       |       |     1 ||     1
  Use: Scroll            |     1 |     8 |    10 |    14 |    10 ||    43
       Potion            |       |     1 |     4 |     6 |     6 ||    17
 Stab: Paralysed         |       |       |       |     2 |       ||     2
       Distracted        |       |       |       |     1 |     7 ||     8
       Confused          |       |       |       |       |     2 ||     2
Armor: Animal skin       |    13 |       |       |       |       ||    13
       Scale mail        |    28 |   101 |    54 |       |       ||   183
       Plate armour      |       |       |   102 |   368 |   580 ||  1050
Dodge: Dodged            |    52 |    73 |    76 |   136 |   261 ||   598
Block: Kite shield       |       |       |    47 |   251 |   490 ||   788

Table legend:
 A = Non-vault XP
 B = Vault XP
 C = Vault XP percentage of total XP
 D = Non-vault monster count
 E = Vault monster count
 F = Vault count percentage of total count
                 A         B        C        D         E       F
            +---------+---------+-------+---------+---------+-------
      Total |   82364 |   22468 |  21.4 |     437 |     159 |  26.7
            +---------+---------+-------+---------+---------+-------
        D:1 |      49 |       0 |   0.0 |      29 |       0 |   0.0
        D:2 |      35 |      11 |  23.9 |      15 |       6 |  28.6
        D:3 |      35 |      22 |  38.6 |      19 |       5 |  20.8
        D:4 |     239 |     945 |  79.8 |      21 |       4 |  16.0
        D:5 |     779 |      91 |  10.5 |      21 |       1 |   4.5
        D:6 |     998 |      29 |   2.8 |      22 |       8 |  26.7
        D:7 |    1665 |    6438 |  79.5 |      32 |      41 |  56.2
        D:8 |     928 |     637 |  40.7 |       8 |       5 |  38.5
        D:9 |     677 |     213 |  23.9 |      10 |       1 |   9.1
       D:10 |    2847 |       0 |   0.0 |      28 |       0 |   0.0
       D:11 |    2777 |       0 |   0.0 |      12 |       0 |   0.0
       D:12 |    6861 |       0 |   0.0 |      26 |       0 |   0.0
       D:13 |    4747 |       0 |   0.0 |       7 |       0 |   0.0
       D:14 |    9853 |       0 |   0.0 |      17 |       0 |   0.0
     Lair:1 |    6048 |      13 |   0.2 |      22 |       1 |   4.3
     Lair:2 |    4644 |    2151 |  31.7 |      22 |      19 |  46.3
     Lair:3 |   13976 |    2256 |  13.9 |      48 |       7 |  12.7
     Lair:4 |   14407 |       0 |   0.0 |      44 |       0 |   0.0
     Lair:5 |   10799 |    9074 |  45.7 |      34 |      33 |  49.3
      Sewer |       0 |     588 | 100.0 |       0 |      28 | 100.0
            +---------+---------+-------+---------+---------+-------
